 Dungeon Crawl Stone Soup version 0.20.1-1-g8b1a95d (webtiles) character file.

49 vineage the Firebug (level 3, -1/26 HPs)
             Began as a Draconian Fire Elementalist on Oct 21, 2017.
             Slain by an adder (2 damage)
             ... on level 2 of the Dungeon.
             The game lasted 00:02:50 (1002 turns).

vineage the Firebug (Draconian Fire Elementalist)   Turns: 1002, Time: 00:02:51

Health: -1/26      AC:  5    Str: 10    XL:     3   Next: 51%
Magic:  2/7        EV: 11    Int: 16    God:
Gold:   32         SH:  3    Dex: 11    Spells: 6/7 levels left

rFire    . . .     SeeInvis .   (no weapon)
rCold    . . .     Gourm    .   c - +0 buckler (curse)
rNeg     . . .     Faith    .   (armour unavailable)
rPois    .         Spirit   .   (helmet restricted)
rElec    .         Reflect  .   (no cloak)
rCorr    .         Harm     .   (no gloves)
MR       .....                  (no boots)
Stlth    ++........             (no amulet)
Regen    0.1/turn               (no ring)
MPRegen  0.1/turn               (no ring)

@: lethally poisoned (-1 -> -7), very slightly contaminated
A: unfitting armour, cold-blooded, AC +5
a: no special abilities


You were on level 2 of the Dungeon.
You were hungry.

You visited 1 branch of the dungeon, and saw 2 of its levels.

You collected 32 gold pieces.

Inventory:

Armour
 c - a cursed +0 buckler (worn)
Jewellery
 f - an uncursed amulet of guardian spirit {unknown}
 k - an uncursed ring of fire {unknown}
Scrolls
 d - 2 scrolls of noise {unknown}
 e - a scroll of enchant armour {unknown}
 g - 2 scrolls of remove curse {unknown}
 h - a scroll of fog {unknown}
 m - a scroll of enchant weapon {unknown}
Potions
 i - 2 potions of curing {unknown}
 l - a potion of agility {unknown}
Books
 a - a book of Flames

   Spells                             Type                      Level
   a - Flame Tongue                   Conjuration/Fire             1
   b - Throw Flame                    Conjuration/Fire             2
   c - Conjure Flame                  Conjuration/Fire             3
   d - Inner Flame                    Hexes/Fire                   3
   e - Sticky Flame                   Conjuration/Fire             4
   f - Fireball                       Conjuration/Fire             5
Comestibles
 b - a bread ration
 j - 4 fruits
 n - a meat ration


   Skills:
 + Level 0.2 Fighting
 - Level 1.9 Dodging
 - Level 1.9 Stealth
 + Level 0.4 Shields
 + Level 2.7 Spellcasting
 + Level 1.4 Conjurations
 + Level 3.5 Fire Magic


You had 6 spell levels left.
You knew the following spells:

 Your Spells              Type           Power        Failure   Level  Hunger
a - Flame Tongue          Conj/Fire      ##...        11%         1    #......


Dungeon Overview and Level Annotations

Branches:
Dungeon (2/15)

Altars:


Innate Abilities, Weirdness & Mutations

Your plain brown scales are hard. (AC +5)
You cannot fit into any form of body armour.
You are cold-blooded and may be slowed by cold attacks.


Message History

Press: ? - help, Shift-Dir - straight line, f/p - adder
Aim: an adder The flame tongue misses the adder.
The adder bites you.
You are poisoned.
The adder poisons you! The leopard gecko bites you. The adder bites you.
Casting: Flame Tongue
Confirm with . or Enter, or press ? or * to list all spells.
Aiming: Flame Tongue
Press: ? - help, Shift-Dir - straight line, f/p - adder
Aim: an adder The flame tongue misses the adder.
You feel sick. You block the leopard gecko's attack. The adder misses you.
The leopard gecko barely misses you. The adder bites you.
* * * LOW HITPOINT WARNING * * *
You are lethally poisoned!
The adder poisons you! The leopard gecko bites you.
* * * LOW HITPOINT WARNING * * *
* * * LOW HITPOINT WARNING * * *
You feel sick. The adder bites you.
You die...

#.........######
####..............
#..##.######..# ###.#
##[.##.######..####....#
................#.......#
###......######.#.#.#...#
(....##..# #.........#
#######..######...#.#.#.#
#........@S.....$.#
##.##.###.l...####
#.#...##.....#
##...#.##.#####
...........# ############


You could see an adder and a leopard gecko.

Vanquished Creatures
  A gnoll (D:1)
  An adder (D:2)
  A worm (D:2)
  2 dart slugs (D:1)
  A giant cockroach (D:1)
  4 goblins (D:1)
  A hobgoblin (D:1)
  4 kobolds (D:1)
  A quokka (D:2)
  A ball python (D:1)
  2 bats (D:1)
  2 frilled lizards (D:1)
  4 rats (D:1)
25 creatures vanquished.

Notes
Turn   | Place    | Note
-------+----------+-------------------------------------------
     0 | D:1      | vineage the Draconian Fire Elementalist began the quest for the Orb.
     0 | D:1      | Reached XP level 1. HP: 14/14 MP: 3/3
    53 | D:1      | Reached XP level 2. HP: 20/20 MP: 0/5
   489 | D:1      | Reached XP level 3. HP: 26/26 MP: 1/6
  1002 | D:2      | HP: 1/26 [poisoned by an adder]
  1002 | D:2      | Slain by an adder

Action                   || total
-------------------------++-------
Melee: Unarmed           ||    57
       Tailslap          ||     1
 Cast: Flame Tongue      ||    34
Armor: Skin              ||    18
Dodge: Dodged            ||    35
Block: Buckler           ||     8
